 Dungeon Crawl Stone Soup version 0.30-a0-857-gcaf70739d4 (webtiles) character file.

Game seed: 3970034784286965373

126 Demosthentine the Poker (level 4, -4/52 HPs)
             Began as a Demonspawn Gladiator on Mar 6, 2023.
             Slain by a gnoll
             ... wielding a +0 club
              (8 damage)
             ... on level 2 of the Dungeon.
             The game lasted 00:01:11 (949 turns).

Demosthentine the Poker (Demonspawn Gladiator)       Turns: 949, Time: 00:01:11

Health: -4/52      AC:  4    Str: 16    XL:     4   Next: 83%
Magic:  4/4        EV: 13    Int:  9    God:
Gold:   69         SH:  0    Dex: 17    Spells: 3/3 levels left

rFire   . . .      SeeInvis .    a - +0 trident
rCold   . . .      Faith    .    (no shield)
rNeg    . . .      Spirit   .    b - +0 leather armour
rPois   .          Reflect  .    c - +0 helmet
rElec   .          Rampage  .    (no cloak)
rCorr   .                        (no gloves)
Will    .....                    (no boots) Stlth
                                 (no amulet)
HPRegen 0.28/turn                (no ring)
MPRegen 0.09/turn                (no ring)

@: berserking, very quick
A: claws 1, thin skeletal structure 1, powered by pain 1
a: no special abilities


You were on level 2 of the Dungeon.
You visited 1 branch of the dungeon, and saw 2 of its levels.

You collected 69 gold pieces.

Inventory:

Hand Weapons
 a - a +0 trident (weapon)
Missiles
 d - 3 throwing nets (quivered)
 e - 3 javelins
Armour
 b - a +0 leather armour (worn)
 c - a +0 helmet (worn)
Jewellery
 i - a ring of positive energy
Potions
 g - a potion of brilliance {unknown}
 h - a potion of cancellation {unknown}
 j - a potion of lignification {unknown}


   Skills:
 + Level 3.0 Fighting
 + Level 3.4 Polearms
 - Level 1.7 Throwing
 + Level 1.8 Armour
 + Level 3.4 Dodging


You had 3 spell levels left.
You didn't know any spells.
Your spell library contained the following spells:

 Spells                   Type           Power      Damage    Failure   Level
 Summon Forest            Summ/Tloc      0%         N/A       100%        5
 Eringya's Noxious Bog    Tmut/Pois      0%         N/A       100%        6
 Summon Hydra             Summ           0%         N/A       100%        7


Dungeon Overview and Level Annotations

Branches:
Dungeon (2/15)

Altars:

Annotations:
D:1 2 runed translucent doors


Innate Abilities, Weirdness & Mutations

You have sharp fingernails.
You have a somewhat thin skeletal structure. (Dex +2, Stealth+)
You sometimes gain a little power by taking damage.


Message History

The gnoll barely misses you.
You closely miss the gnoll. The gnoll hits you with a +0 whip.
The gnoll hits you but does no damage.
You hit the gnoll.
The gnoll is moderately wounded.
The gnoll hits you with a +0 whip. The gnoll hits you with a +0 club.
The gnoll attacks as you move away! The gnoll closely misses you.
The gnoll hits you with a +0 whip.
* * * LOW HITPOINT WARNING * * *
The gnoll attacks as you move away! The gnoll hits you with a +0 club.
* * * LOW HITPOINT WARNING * * *
You feel much better. The gnoll hits you with a +0 whip.
The gnoll attacks as you move away! The gnoll barely misses you.
The gnoll attacks as you move away! The gnoll hits you with a +0 whip!
The gnoll attacks as you move away! The gnoll barely misses you.
The gnoll attacks as you move away! The gnoll barely misses you.
The gnoll attacks as you move away! The gnoll closely misses you.
The gnoll attacks as you move away! The gnoll hits you with a +0 whip.
You closely miss the gnoll. The gnoll hits you with a +0 whip.
You hit the gnoll but do no damage. The gnoll hits you with a +0 whip.
You hit the gnoll but do no damage. The gnoll hits you with a +0 whip.
You hit the gnoll. Your claw misses the gnoll.
The gnoll is moderately wounded.
The gnoll hits you with a +0 whip.
* * * LOW HITPOINT WARNING * * *
You puncture the gnoll!
You kill the gnoll!
The gnoll closely misses you.
You hit the gnoll.
The gnoll is moderately wounded.
The gnoll misses you.
You hit the gnoll.
The gnoll is heavily wounded.
The gnoll hits you with a +0 club.
* * * LOW HITPOINT WARNING * * *
It was a potion of berserk rage.
A red film seems to cover your vision as you go berserk!
You feel yourself moving faster!
You feel mighty! The gnoll hits you with a +0 club!
You die...

.†...................†...........
........##.......................
...#.#.#.#...................[...
..........#......g...............
...#.#.#.###.....##..g..#........
..........##...######...#....8#8.
...#.#.#.#.....# ###....g.#?#.
..............##### ###....8#8)
.>.#.#<#.#.##.gg@.## ##.......
.....##.#..######..#### #....##.
...........# ##....## #....###
.#.........## #####..# #.....##
......#.#...# ##......# ####..##
......#.#...####.......## #..#
......#........†........# #..#
#####.........†.........# #..##
...##................# #....


You could see 2 gnolls.

Vanquished Creatures
  Natasha (twice) (D:2)
  2 gnolls (D:2)
  2 adders (D:2)
  3 dart slugs (D:1)
  4 bats
  2 endoplasms
  A giant cockroach (D:2)
  A goblin (D:1)
  7 hobgoblins
  3 kobolds
  A quokka (D:1)
  2 ball pythons
  2 frilled lizards (D:1)
  4 rats
36 creatures vanquished.

Notes
Turn   | Place    | Note
-------+----------+-------------------------------------------
     0 | D:1      | Demosthentine the Demonspawn Gladiator began the quest for
                  | the Orb.
     0 | D:1      | Reached XP level 1. HP: 16/16 MP: 1/1
    76 | D:1      | Found a large runed translucent door.
    76 | D:1      | Found a large runed translucent door.
    88 | D:1      | Gained mutation: You have a somewhat thin skeletal
                  | structure. (Dex +2, Stealth+) [demonic ancestry]
    88 | D:1      | Reached XP level 2. HP: 14/22 MP: 2/2
   124 | D:1      | Noticed an ogre
   125 | D:1      | Noticed an ogre
   125 | D:1      | Noticed an ogre
   125 | D:1      | Noticed an ogre
   234 | D:1      | Found a faded altar of an unknown god.
   445 | D:1      | Reached skill level 1 in Armour
   656 | D:2      | Gained mutation: You have sharp fingernails. [demonic
                  | ancestry]
   656 | D:2      | Reached XP level 3. HP: 26/28 MP: 3/3
   756 | D:2      | Noticed Natasha
   762 | D:2      | Killed Natasha
   763 | D:2      | Gained mutation: You sometimes gain a little power by
                  | taking damage. [demonic ancestry]
   763 | D:2      | Reached XP level 4. HP: 32/34 MP: 4/4
   782 | D:2      | Noticed Natasha
   803 | D:2      | Killed Natasha
   949 | D:2      | Slain by a gnoll

Illustrated notes

Levels and vault maps discovered:
D:1:      erik_arrival_cave_to_civilisation [erik_arrival_cave_to_temple],
          layout_rooms, ebering_ecumenical_altar_mist, minmay_pentomino_r4
D:2:      layout_rooms, st_stairs_8, minmay_statues_item, uniq_natasha

Skill      XL: |  1  2  3  4 |
---------------+-------------+-----
Polearms       | 3 |  3.4
Armour         | 1 |  1.8
Dodging        | 3 |  3.4
Fighting       | 3 |  3.0
Throwing       | |  1.7

Action                     |  1- 3 |  4- 6 || total
---------------------------+-------+-------++-------
  Melee: Trident           |    95 |    38 ||   133
         Punch             |     1 |       ||     1
    Use: Scroll            |     2 |       ||     2
         Potion            |       |     2 ||     2
   Stab: Sleeping          |     8 |     1 ||     9
 Armour: Leather armour    |    22 |     3 ||    25
  Dodge: Dodged            |    56 |    22 ||    78

Table legend: (Time is in decaauts)
 A = Elapsed time spent in this place.
 B = Non-inter-level travel time spent in this place.
 C = Inter-level travel time spent in this place.
 D = Time resting spent in this place.
 E = Time spent auto-exploring this place.
 F = Levels seen in this place.
 G = Mean time per level.
                   A        B        C        D        E       F      G
               +--------+--------+--------+--------+--------+-----+--------+
         Total |    979 |    949 |     30 |      0 |    648 |   2 |  489.5 |
       Dungeon |    979 |    949 |     30 |      0 |    648 |   2 |  489.5 |
               +--------+--------+--------+--------+--------+-----+--------+

Top non-repeatable levels by time:
     D:1: 653 daAuts
     D:2: 325 daAuts
